 Dungeon Crawl Stone Soup version 0.30-a0-371-gad7725a93e (webtiles) character file.

Game seed: 10409256517426604965

1381 NinjaNoafa the Cleaver (level 8, 0/70 (74) HPs)
             Began as a Minotaur Fighter on Nov 22, 2022.
             Slain by a wight
             ... wielding a +2 flail
              (8 damage)
             ... on level 7 of the Dungeon.
             The game lasted 00:05:22 (3609 turns).

NinjaNoafa the Cleaver (Minotaur Fighter)           Turns: 3609, Time: 00:05:23

HP:   0/70 (74)     AC: 12    Str: 22    XL:     8   Next: 39%
MP:   7/7           EV: 11    Int:  5    God:
Gold: 139           SH:  4    Dex: 11    Spells: 7/7 levels left

rFire   . . .      SeeInvis .    a - +0 war axe
rCold   . . .      Faith    .    c - +0 buckler
rNeg    . . .      Spirit   .    q - +0 chain mail
rPois   .          Reflect  .    (helmet restricted)
rElec   .          Harm     .    (no cloak)
rCorr   +          Rampage  .    h - +0 pair of gloves
Will    .....                    (no boots)
Stlth   ..........               (no amulet)
HPRegen 0.31/turn                o - ring of resist corrosion
MPRegen 0.10/turn                r - +4 ring of evasion

@: drained
A: horns 2, retaliatory headbutt
a: no special abilities


You were on level 7 of the Dungeon.
You visited 1 branch of the dungeon, and saw 5 of its levels.

You collected 139 gold pieces.

Inventory:

Hand Weapons
 a - a +0 war axe (weapon)
Missiles
 b - 2 boomerangs (quivered)
 g - 13 poisoned darts
 i - 2 datura-tipped darts
 l - 20 stones
Armour
 c - a +0 buckler (worn)
 h - a +0 pair of gloves (worn)
 q - a +0 chain mail (worn)
Jewellery
 o - a ring of resist corrosion (left hand)
 r - a +4 ring of evasion (right hand)
Wands
 u - a wand of acid (5)
Scrolls
 j - 7 scrolls of identify {unknown}
 k - 2 scrolls of teleportation {unknown}
 m - a scroll of amnesia {unknown}
 n - a scroll of immolation {unknown}
 p - a scroll of magic mapping {unknown}
 s - a scroll of enchant weapon {unknown}
Potions
 e - 2 potions of curing
 f - 5 potions of heal wounds {unknown}


   Skills:
 - Level 8.2 Fighting
 + Level 12.4 Axes
 - Level 6.0 Throwing
 - Level 8.2 Armour
 - Level 3.6 Shields


You had 7 spell levels left.
You didn't know any spells.
Your spell library contained the following spells:

 Spells                   Type           Power      Damage    Failure   Level
 Borgnjor's Revivificati  Necr           0%         N/A       100%        8
 Necromutation            Tmut/Necr      0%         N/A       100%        8
 Death's Door             Necr           0%         N/A       100%        9


Dungeon Overview and Level Annotations

Branches:
Dungeon (4/15)
 Temple: D:4-7

Altars:
Cheibriados
Dithmenos
Makhleb


Innate Abilities, Weirdness & Mutations

You have a pair of horns on your head.
You reflexively headbutt those who attack you in melee.


Message History

The wight is lightly damaged.
You barely miss the wight. The wight barely misses you.
You furiously retaliate!
You headbutt the wight. The wight barely misses you.
You slash the wight!
The wight is almost destroyed.
You hit the wight. The wight hits you with a +2 flail!
You feel drained.
Found a stone staircase leading up.
You block the wight's attack. The wight hits you with a +4 halberd.
You feel drained. You block the wight's attack.
You hit the wight.
The wight is almost destroyed.
You barely miss the wight. x2; The wight hits you with a +2 flail.
The wight hits you but does no damage.
The electric eel shoots out a bolt of lightning at you!
The bolt of electricity hits you!
The wight hits you with a +0 morningstar!
* * * LOW HITPOINT WARNING * * *
The wight barely misses you. You furiously retaliate!
You headbutt the wight! The wight barely misses you.
The wight attacks as you move away!
The wight hits you with a +0 morningstar.
* * * LOW HITPOINT WARNING * * *
You block the wight's attack.
The wight hits you from afar with a +4 halberd.
* * * LOW HITPOINT WARNING * * *
You feel drained.
You feel better. The wight hits you with a +2 flail!
* * * LOW HITPOINT WARNING * * *
A wight comes into view. It is wielding a +0 halberd.
The wight barely misses you. The wight hits you but does no damage.
It was a potion of experience.
You feel more experienced!
Your Fighting skill gained 5 levels and is now at level 8!
Your Axes skill gained 2 levels and is now at level 12!
Your Throwing skill gained 6 levels and is now at level 6!
Your Armour skill gained 5 levels and is now at level 8!
You have reached level 8!
You feel agile. The wight hits you with a +2 flail!
You die...

#. . #≈ .# #. .# ≈≈ .#
..#.# #.# ≈#≈≈# ≈#.# #
.#..##.#≈≈≈≈≈≈≈≈#.#
#.#......~≈#≈≈≈#≈≈#.#
#.... #..##≈S≈≈≈≈##.#
#..###..#≈≈#≈≈≈~..# .
#@##..~##≈≈###..#
....##zz#....~≈##....#
.......z..............#
......z............####
.....##...##########
.........## ...#.....<
...#...?.. #...#.....#


You could see 4 wights.

Vanquished Creatures
  Grinder (D:3)
  Sigmund (D:3)
  An ogre (D:4)
  An orc priest (D:3)
  Ijyb (D:3)
  Terence (D:2)
  Natasha (thrice) (D:2)
  An orc wizard (D:3)
  3 adders
  2 dart slugs
  5 orcs (D:3)
  7 ball pythons
  4 bats
  4 endoplasms
  5 giant cockroaches
  5 goblins
  4 hobgoblins
  2 jackals (D:3)
  5 kobolds
  4 quokkas
  A frilled lizard (D:2)
  6 rats
67 creatures vanquished.

Notes
Turn   | Place    | Note
-------+----------+-------------------------------------------
     0 | D:1      | NinjaNoafa the Minotaur Fighter began the quest for the
                  | Orb.
     0 | D:1      | Reached XP level 1. HP: 19/19 MP: 0/0
    85 | D:1      | Reached skill level 3 in Axes
   166 | D:1      | Reached XP level 2. HP: 26/26 MP: 1/1
   667 | D:1      | Reached skill level 4 in Axes
   925 | D:2      | Reached XP level 3. HP: 27/31 MP: 2/2
  1123 | D:2      | Found a faded altar of an unknown god.
  1204 | D:2      | Noticed Terence
  1213 | D:2      | Killed Terence
  1214 | D:2      | Reached skill level 5 in Axes
  1214 | D:2      | Reached XP level 4. HP: 22/39 MP: 3/3
  1517 | D:2      | Noticed Natasha
  1520 | D:2      | Killed Natasha
  1528 | D:2      | Reached skill level 6 in Axes
  1912 | D:2      | Noticed Natasha
  1918 | D:2      | Killed Natasha
  1919 | D:2      | Reached XP level 5. HP: 30/45 MP: 4/4
  2104 | D:2      | Noticed Natasha
  2112 | D:2      | Killed Natasha
  2178 | D:3      | Found a snail-covered altar of Cheibriados.
  2181 | D:3      | Noticed Grinder
  2191 | D:3      | Paralysed by Grinder for 4 turns
  2199 | D:3      | Killed Grinder
  2200 | D:3      | Reached skill level 8 in Axes
  2200 | D:3      | Reached XP level 6. HP: 20/51 MP: 5/5
  2229 | D:3      | Found a shadowy altar of Dithmenos.
  3134 | D:3      | Noticed Ijyb
  3151 | D:3      | Killed Ijyb
  3152 | D:3      | Reached skill level 9 in Axes
  3256 | D:3      | Noticed Sigmund
  3257 | D:3      | Found a burning altar of Makhleb.
  3265 | D:3      | Killed Sigmund
  3266 | D:3      | Reached XP level 7. HP: 57/57 MP: 6/6
  3488 | D:4      | Reached skill level 10 in Axes
  3488 | D:4      | You fall into a shaft and drop 3 floors!
  3609 | D:7      | Reached skill level 12 in Axes
  3609 | D:7      | Reached XP level 8. HP: 7/70 MP: 7/7
  3609 | D:7      | Slain by a wight

Illustrated notes

Levels and vault maps discovered:
D:1:      mrwooster_arrival_statue_3, layout_basic
D:2:      layout_loops_corners, dreamdust_ecumenical_altar_statues,
          corexii_hall_statues_i, uniq_natasha, uniq_terence
D:3:      layout_loops_corners, nicolae_dithmenos_through_a_glass_darkly,
          lemuel_crystal_altar, lemuel_round_altar, serial_co_window_serial,
          co_window_corner_a, co_window_corner_a, co_window_of_opportunity_a,
          co_window_of_opportunity_a, co_window_paths_b, co_window_corner_a,
          co_window_corner_a, co_window_paths_b, co_window_corner_a,
          co_window_broadway_b, co_window_corner_b, co_window_cross_2,
          uniq_sigmund, uniq_grinder, uniq_ijyb
D:4:      layout_basic, lemuel_mausoleum_altar_yredelemnul, gammafunk_ghost_icy,
          kennysheep_generic_room_2, uniq_robin
D:7:      minmay_the_grid_octo_tiled_squarecenter [minmay_the_grid_octo_teeth,
          minmay_the_grid_octo_chip, minmay_the_grid_octo_clover,
          minmay_the_grid_octo_horde,
          minmay_the_grid_square_5x5_megaprize_hollow,
          minmay_the_grid_square_5x5_inset,
          minmay_the_grid_square_5x5_sharp_hourglass,
          minmay_the_grid_square_5x5_empty, minmay_the_grid_square_5x5_six],
          layout_cave_pools, minmay_temple_entry_glass, minivault_4,
          corner_web_ring

Skill      XL: |  1  2  3  4  5  6  7 |
---------------+----------------------+-----
Axes           | 3 4 5 6 8 9 12 | 12.4
Fighting       | 8 |  8.2
Throwing       | 6 |  6.0
Armour         | 8 |  8.2
Shields        | |  3.6

Action                   |  1- 3 |  4- 6 |  7- 9 || total
-------------------------+-------+-------+-------++-------
Melee: War axe           |    45 |   101 |     6 ||   152
       Headbutt          |     5 |    15 |     2 ||    22
Throw: Boomerang         |       |       |     2 ||     2
  Use: Potion            |       |     2 |     2 ||     4
Armor: Scale mail        |    17 |    34 |       ||    51
       Chain mail        |       |    19 |     3 ||    22
Dodge: Dodged            |    21 |    29 |     7 ||    57
Block: Buckler           |    14 |    22 |     3 ||    39

Table legend: (Time is in decaauts)
 A = Elapsed time spent in this place.
 B = Non-inter-level travel time spent in this place.
 C = Inter-level travel time spent in this place.
 D = Time resting spent in this place.
 E = Time spent auto-exploring this place.
 F = Levels seen in this place.
 G = Mean time per level.
                   A        B        C        D        E       F      G
               +--------+--------+--------+--------+--------+-----+--------+
         Total |   3646 |   3315 |    331 |     59 |   2625 |   5 |  729.2 |
       Dungeon |   3646 |   3315 |    331 |     59 |   2625 |   5 |  729.2 |
               +--------+--------+--------+--------+--------+-----+--------+

Top non-repeatable levels by time:
     D:3: 1362 daAuts
     D:2: 1258 daAuts
     D:1: 897 daAuts
     D:7: 121 daAuts
     D:4: 5 daAuts
